Map: Golden Wall LE

Players

MarineLorD

  • Race: Terran Terran
  • Spawn Location: 7:00

Lambo - Winner!

  • Race: Zerg Zerg
  • League: Grandmaster
  • Spawn Location: 5:00

Event: DreamHack SC2 Masters 2020 Summer Europe

VOD

Have the link to the VOD?

Description

Time

  • Played on: June 30, 2020, 11:16 a.m.
  • Length: 18:42

All games in this series

Show
View Real Time Build Order
Export as new Build Order

MarineLorD Terran 

Build Orders: Reaper Expand 

Get SALT Encoding   

  12  0:00  SCV  
  13  0:12  SCV  
  14  0:17  Supply Depot  
  14  0:24  SCV  
  15  0:39  SCV, Barracks  
  16  0:44  Refinery  
  16  0:51  SCV  
  17  1:03  SCV  
  18  1:15  SCV  
  19  1:27  Orbital Command, Reaper  
  20  1:40  Command Center  
  20  1:49  Supply Depot  
  20  1:53  SCV  
  21  1:58  Marine  
  22  2:05  SCV  
  23  2:12  Factory  
  23  2:17  SCV  
  23  2:21  Barracks Reactor  
  24  2:29  SCV  
  25  2:41  SCV  
  26  2:47  Command Center  
  26  2:54  Orbital Command  
  26  2:59  SCV  
  26  3:05  Hellion x2  
  31  3:09  Barracks Tech Lab  
  31  3:12  SCV  
  32  3:16  Barracks  
  32  3:19  SCV  
  33  3:24  SCV  
  34  3:27  Marine  
  34  3:30  Stimpack  
  34  3:31  SCV  
  36  3:38  SCV  
  36  3:39  Hellion x2  
  41  3:44  Refinery  
  41  3:45  SCV  
  42  3:50  SCV  
  42  3:51  Marine  
  44  3:56  Supply Depot  
  44  3:59  SCV  
  44  4:00  Orbital Command  
  45  4:07  SCV  
  45  4:08  Marine  
  47  4:11  Starport, Factory Reactor, SCV  
  47  4:13  Marine x2  
  50  4:21  SCV  
  50  4:23  SCV  
  52  4:26  Marine  
  52  4:27  SCV  
  54  4:31  Marine x2  
  54  4:33  SCV  
  54  4:36  SCV  
  58  4:39  SCV  
  58  4:40  Supply Depot  
  58  4:42  Supply Depot  
  58  4:44  Marine  
  58  4:45  SCV  
  61  4:48  SCV  
  61  4:51  SCV  
  63  4:54  Barracks  
  63  4:56  Medivac x2  
  63  4:57  SCV  
  63  4:58  Factory Reactor  
  63  4:59  Refinery x2, Marine  
  69  5:02  Marine x2  
  69  5:04  Supply Depot  
  71  5:08  Supply Depot  
  71  5:09  SCV x2  
  73  5:14  Combat Shield  
  73  5:17  Marine  
  73  5:19  SCV  
  73  5:20  Marine  
  76  5:21  SCV  
  76  5:22  Marine  
  78  5:29  SCV  
  78  5:35  Marine  
  80  5:37  Marine, Engineering Bay x2  
  80  5:39  Marine, SCV  
  80  5:41  SCV  
  80  5:42  Medivac  
  86  5:43  Barracks Reactor  
  86  5:47  Orbital Command  
  86  5:52  Marine, SCV  
  86  5:53  SCV  
  86  5:55  Marine  
  90  5:57  Marine  
  90  5:59  Medivac  
  90  6:04  SCV  
  92  6:05  SCV  
  92  6:10  Marine  
  92  6:12  Medivac  
  92  6:13  Marine, SCV  
  92  6:16  SCV  
  92  6:18  Barracks  
  92  6:19  Terran Infantry Weapons Level 1, Barracks  
  92  6:23  Terran Infantry Armor Level 1  
  89  6:25  Missile Turret  
  89  6:30  Marine x2  
  89  6:31  Marine  
  89  6:32  Marine  
  93  6:36  SCV x3  
  93  6:39  Missile Turret  
  96  6:41  Supply Depot  
  96  6:44  Marine  
  97  6:50  Refinery  
  97  6:53  SCV x2  
  96  6:54  SCV  
  96  6:55  Marine x2  
  96  6:56  Marine x2  
  101  7:03  Missile Turret  
  101  7:04  Supply Depot  
  101  7:07  Marine  
  101  7:08  Widow Mine x2  
  107  7:13  Barracks Reactor x2  
  107  7:14  SCV  
  107  7:15  Marine x2  
  104  7:17  Medivac  
  104  7:18  SCV, Missile Turret  
  104  7:21  Factory  
  109  7:23  Supply Depot  
  109  7:24  Armory, Missile Turret  
  109  7:26  Marine x3, SCV, Medivac  
  115  7:33  Marine x2  
  115  7:35  SCV  
  115  7:36  Sensor Tower  
  117  7:43  Supply Depot x2  
  117  7:44  Supply Depot  
  117  7:45  Concussive Shells, Marine x3, Widow Mine, SCV x2  
  117  7:47  SCV  
  117  7:48  Missile Turret  
  125  8:04  Marine x8, Medivac x2  
  125  8:05  Widow Mine  
  140  8:10  Widow Mine, Factory Tech Lab  
  142  8:16  Terran Infantry Weapons Level 2  
  142  8:19  Terran Infantry Armor Level 2  
  140  8:20  Marine, Command Center  
  140  8:23  Marine x2  
  140  8:25  Marine  
  140  8:28  Marine x2  
  140  8:31  Marine x2  
  138  8:34  Widow Mine  
  138  8:39  SCV x3  
  143  8:42  Marine x4  
  146  8:49  Widow Mine  
  146  8:50  Drilling Claws  
  146  8:52  Supply Depot  
  146  8:54  Widow Mine  
  149  9:01  Terran Vehicle And Ship Armor Level 1  
  143  9:02  Supply Depot  
  143  9:03  Supply Depot  
  143  9:04  Marine x2  
  143  9:05  Marine  
  143  9:08  Marine x2  
  143  9:09  Marine  
  149  9:14  Marine x2, Widow Mine  
  153  9:24  Thor  
  153  9:31  Marauder, Marine x4  
  165  9:40  Missile Turret x2  
  165  9:43  Widow Mine x2  
  169  9:45  Marine  
  169  9:46  Marine x3  
  169  9:49  Marine x3  
  169  9:50  Marine  
  175  9:53  Marauder  
  175  10:03  Marine x3  
  175  10:04  Marine  
  175  10:07  Marine x3  
  173  10:08  Marine  
  173  10:13  Marine  
  146  10:21  Marine x4  
  146  10:24  Marine x2  
  146  10:25  Marine x2, Widow Mine  
  156  10:32  Marauder, Planetary Fortress  
  155  10:39  Marine x4, Widow Mine x2  
  155  10:42  Marine x3  
  163  10:43  Marine, Medivac  
  163  10:46  Medivac  
  171  10:51  Missile Turret  
  172  10:57  Widow Mine  
  172  11:01  Widow Mine x2  
  172  11:02  Terran Infantry Armor Level 3  
  173  11:12  Terran Infantry Weapons Level 3  
  175  11:19  Widow Mine  
  175  11:22  Widow Mine x2  
  175  11:23  Marine  
  180  11:27  Marine x2  
  180  11:30  Marine  
  180  11:31  Marine x2  
  147  11:36  Marine x2  
  147  11:37  Marine  
  132  11:41  Marine  
  132  11:43  Widow Mine, Thor  
  132  11:45  Marine x2  
  139  11:48  Marine  
  139  11:49  Marine x2, Missile Turret  
  139  11:53  Marine x2  
  144  11:55  Marine  
  145  12:03  Barracks  
  145  12:04  Barracks  
  145  12:06  Marine x2  
  145  12:07  Marine x3, Barracks  
  145  12:08  Marine  
  149  12:11  Marine  
  149  12:13  Missile Turret  
  149  12:14  Missile Turret  
  151  12:18  Widow Mine  
  151  12:19  Widow Mine  
  155  12:24  Marauder  
  155  12:26  Thor  
  163  12:41  Marine x5  
  165  12:44  Marine x3  
  165  12:46  Marauder  
  163  12:52  Marine x2  
  163  12:57  Marine  
  141  12:59  Marine x5  
  141  13:01  Widow Mine x2  
  141  13:02  Marine x3  
  126  13:07  Marauder  
  126  13:10  Marine x2  
  122  13:13  Medivac  
  122  13:14  Command Center, Medivac  
  122  13:15  Marine  
  122  13:17  Marine x4  
  122  13:18  Marine  
  132  13:20  Marine x3  
  135  13:28  Marine x3  
  135  13:29  Widow Mine x2  
  135  13:33  Marine  
  143  13:34  Marine x2  
  143  13:35  Marine x3  
  148  13:41  Marine x2  
  149  13:53  Marine x2  
  149  13:54  Marine x3  
  149  13:55  Marine, Widow Mine x3  
  125  13:56  Marine x3  
  125  13:58  Marine  
  125  13:59  Marine x2, Medivac x2  
  121  14:11  Marine x4  
  121  14:15  Terran Vehicle And Ship Armor Level 2  
  121  14:16  Neosteel Armor  
  121  14:17  Widow Mine x2  
  129  14:19  Marine, Missile Turret  
  129  14:20  Missile Turret  
  130  14:29  Marine  
  118  14:31  Marine x4  
  118  14:32  Marine  
  118  14:33  Marine  
  118  14:34  Marine  
  118  14:36  Widow Mine  
  118  14:38  Widow Mine  
  128  14:39  SCV x3  
  131  14:52  Widow Mine  
  133  14:53  Medivac x2  
  133  14:54  Barracks Tech Lab x2  
  133  14:55  Barracks Tech Lab  
  133  14:56  Thor  
  133  14:59  Widow Mine  
  145  15:02  SCV x3  
  145  15:05  SCV  
  149  15:13  Planetary Fortress  
  149  15:14  SCV x3  
  149  15:17  SCV  
  153  15:28  Marauder x3  
  159  15:29  Marauder  
  159  15:31  SCV x2  
  163  15:39  Thor  
  169  15:49  Marauder x3, Widow Mine x2  
  179  15:50  Marauder  
  178  16:03  Marine x3  
  178  16:04  Marine  
  176  16:09  Marine x2  
  176  16:10  Marine, Widow Mine x2  
  176  16:11  Marauder x4  
  189  16:12  Marine  
  192  16:21  Marine x3  
  192  16:22  Marine  
  189  16:27  Marine x3  
  189  16:29  Marine  
  189  16:32  Marauder  
  195  16:36  Marauder, Marine  
  195  16:38  Marauder, Marine  
  195  16:39  Marine x2  
  149  16:40  Marine  
  149  16:45  Marine x3, Widow Mine x3  
  144  16:47  Marine  
  144  16:53  Marauder  
  145  16:54  Marauder  
  145  16:56  Marine x2  
  145  16:57  Marine  
  145  16:58  Marauder, Marine x2  
  154  17:01  Medivac  
  154  17:02  Medivac  
  154  17:03  Marine x2  
  154  17:06  Widow Mine x3  
  158  17:11  Marine x2  
  158  17:14  Marine x2  
  158  17:15  Marauder  
  130  17:18  Marine x2  
  130  17:19  Marine  
  130  17:20  Marine x2  
  108  17:24  Marine x2  
  108  17:28  Marine x2  
  95  17:31  Medivac x2  
  95  17:32  Marine x2  
  95  17:36  Marine x4, Widow Mine x2  
  93  17:37  Marine  
  93  17:38  Marine  
  93  17:42  Marine x2  
  93  17:43  Widow Mine  
  95  17:46  Marine x2  
  95  17:50  Marine x2  
  99  17:54  Marauder, Marine x3  
  99  17:55  Marine x2  
  99  17:57  Widow Mine x2  
  110  18:00  Marine x2  
  110  18:04  Marine x2  
  120  18:07  Marine  
  120  18:08  Marine  
  120  18:09  Medivac x2  
  120  18:12  Marine x2  
  128  18:14  Marauder, Barracks Tech Lab  
  128  18:15  Marauder, Barracks Tech Lab  
  128  18:19  Widow Mine x2  
Show
View Real Time Build Order
Export as new Build Order

Lambo Zerg - Winner!

Build Orders: Hatch First, Muta Ling Bane 

Get SALT Encoding   

  12  0:00  Drone  
  13  0:13  Overlord  
  13  0:17  Drone  
  14  0:31  Drone x2  
  16  0:48  Hatchery  
  15  0:52  Drone  
  15  0:56  Drone  
  17  0:59  Drone  
  18  1:10  Extractor  
  17  1:16  Spawning Pool  
  16  1:19  Drone  
  16  1:23  Drone  
  18  1:29  Drone  
  19  1:39  Drone  
  20  1:52  Overlord  
  20  2:03  Queen x2  
  20  2:04  Zergling x4  
  26  2:12  Drone x2  
  28  2:23  Metabolic Boost  
  28  2:26  Drone x2  
  30  2:34  Drone, Overlord  
  31  2:39  Queen  
  33  2:44  Drone  
  33  2:48  Queen  
  36  2:54  Overlord  
  36  2:56  Drone  
  37  3:01  Drone  
  38  3:06  Drone x2  
  38  3:10  Drone  
  41  3:13  Drone x3  
  41  3:15  Drone  
  41  3:16  Drone  
  46  3:23  Lair  
  46  3:25  Drone  
  47  3:30  Extractor  
  46  3:35  Drone x2  
  48  3:43  Hatchery  
  48  3:46  Drone x2  
  49  3:49  Drone  
  49  3:55  Drone x2, Baneling Nest  
  51  3:57  Drone  
  52  4:03  Overlord  
  52  4:04  Extractor x2  
  52  4:08  Drone x2  
  52  4:22  Drone x8  
  60  4:28  Spire  
  60  4:29  Zergling x2  
  60  4:31  Overlord  
  60  4:42  Overlord  
  60  4:46  Centrifical Hooks  
  60  4:50  Overlord  
  60  4:51  Drone  
  60  4:52  Drone  
  62  4:55  Drone x4  
  62  4:56  Drone  
  67  5:00  Drone  
  68  5:08  Zergling x6  
  68  5:12  Drone x3  
  74  5:16  Queen  
  76  5:22  Queen  
  76  5:25  Drone x2  
  76  5:26  Overlord  
  76  5:28  Zergling x2  
  81  5:32  Overlord  
  81  5:33  Zergling x8  
  81  5:34  Extractor  
  84  5:35  Extractor  
  83  5:43  Zergling x4  
  83  5:46  Mutalisk x4  
  83  5:48  Baneling x5  
  83  5:49  Baneling, Mutalisk  
  93  5:55  Zergling x10  
  97  6:05  Mutalisk x2  
  91  6:17  Mutalisk  
  92  6:22  Drone x6  
  97  6:28  Zerg Flyer Weapons Level 1  
  97  6:33  Drone  
  97  6:34  Overlord  
  97  6:35  Overlord  
  98  6:40  Overlord  
  98  6:44  Overlord  
  98  6:55  Drone x8  
  98  6:58  Evolution Chamber x2  
  104  7:04  Mutalisk x3  
  104  7:06  Drone  
  111  7:14  Mutalisk x3  
  117  7:21  Zergling x10  
  122  7:24  Overlord x2  
  122  7:30  Zerg Melee Weapons Level 1, Zerg Ground Armor Level 1  
  122  7:35  Overlord  
  120  7:43  Drone x2  
  122  7:44  Overseer, Drone  
  122  7:45  Pneumatized Carapace  
  122  7:48  Hatchery  
  122  7:49  Mutalisk  
  122  7:50  Zergling x2  
  125  7:53  Drone x2  
  125  7:56  Mutalisk x2  
  131  8:00  Mutalisk  
  131  8:01  Zergling x2  
  131  8:02  Zergling x2  
  137  8:05  Zergling x8  
  137  8:09  Mutalisk x2  
  141  8:27  Mutalisk x2  
  141  8:33  Mutalisk  
  145  8:34  Overlord  
  145  8:44  Overlord x3  
  145  8:49  Baneling x2  
  145  8:51  Zergling x2  
  145  8:52  Overlord  
  144  9:01  Zergling x24  
  152  9:04  Overseer  
  152  9:06  Drone x3  
  155  9:12  Drone x2  
  155  9:14  Zerg Flyer Weapons Level 2  
  157  9:18  Baneling x10  
  157  9:19  Drone x5  
  157  9:20  Drone x2  
  157  9:22  Zergling x4  
  166  9:25  Zergling x2  
  166  9:29  Extractor  
  166  9:30  Zergling x4  
  168  9:31  Baneling x8  
  168  9:32  Hatchery  
  168  9:34  Zergling x2  
  168  9:36  Zergling x6  
  168  9:37  Baneling x9  
  171  9:39  Zergling x12  
  176  9:48  Zergling x14  
  176  9:52  Zergling x4  
  183  10:03  Zergling x14  
  188  10:09  Zergling x4  
  189  10:17  Zergling x10  
  189  10:19  Zergling x2  
  189  10:20  Zergling x8  
  162  10:23  Mutalisk  
  161  10:30  Mutalisk  
  161  10:31  Mutalisk x2  
  161  10:32  Zerg Melee Weapons Level 2, Zerg Ground Armor Level 2  
  161  10:33  Mutalisk  
  161  10:35  Infestation Pit  
  166  10:44  Zergling x12  
  166  10:47  Queen  
  166  10:48  Hatchery  
  173  10:50  Baneling x11  
  173  10:51  Zergling x6  
  173  10:54  Baneling x9  
  173  10:56  Zergling x4  
  178  10:59  Overseer  
  178  11:00  Zergling x2  
  179  11:07  Zergling x10  
  181  11:14  Zergling x4  
  183  11:22  Zergling x14  
  181  11:27  Zergling x6  
  145  11:33  Zergling x8  
  145  11:38  Mutalisk x2  
  143  11:41  Hive  
  143  11:44  Mutalisk x5  
  151  11:50  Queen  
  151  11:52  Zergling x8  
  151  11:53  Baneling x9  
  157  11:55  Zergling x4  
  157  11:57  Baneling x2  
  157  11:58  Hatchery  
  158  12:04  Zergling x6  
  153  12:09  Zergling x10  
  153  12:14  Zergling x12  
  163  12:18  Drone x5  
  163  12:20  Zergling x2  
  169  12:24  Zergling x2  
  169  12:26  Baneling x13  
  169  12:28  Zergling x6  
  173  12:33  Zergling x4  
  173  12:35  Baneling x14  
  175  12:37  Zergling x2  
  175  12:38  Zergling x6  
  175  12:39  Baneling x5  
  178  12:45  Zergling x10  
  178  12:52  Overlord  
  178  12:53  Overlord  
  178  12:57  Zergling x4  
  157  13:03  Mutalisk x4  
  133  13:08  Zergling x2  
  133  13:09  Zergling x18  
  143  13:18  Mutalisk x3  
  143  13:19  Zergling x8, Extractor  
  152  13:25  Zergling x8  
  152  13:26  Overseer  
  156  13:27  Baneling x7  
  156  13:31  Zergling x6  
  156  13:33  Zergling x4  
  161  13:38  Zergling x12  
  161  13:40  Baneling x10  
  162  13:43  Zergling x2  
  162  13:44  Zergling x2  
  162  13:45  Zergling x8  
  144  13:57  Mutalisk x3  
  144  14:02  Zergling x24  
  145  14:11  Adrenal Glands  
  145  14:13  Zergling x12  
  151  14:18  Zergling x14  
  151  14:20  Baneling  
  151  14:21  Baneling x10  
  151  14:22  Zergling x2  
  157  14:29  Zergling x10  
  151  14:32  Baneling x4  
  151  14:33  Burrow  
  151  14:35  Zergling x12  
  156  14:40  Zergling x6  
  156  14:42  Overseer  
  156  14:44  Mutalisk x3  
  165  14:46  Drone x2  
  165  14:47  Zergling x2  
  165  14:48  Zergling x2  
  169  14:54  Zergling x12  
  169  14:57  Drone  
  175  15:02  Zerg Ground Armor Level 3  
  175  15:04  Zergling x10  
  180  15:13  Overlord  
  180  15:14  Overlord  
  180  15:20  Zerg Flyer Weapons Level 3  
  180  15:21  Zerg Melee Weapons Level 3  
  180  15:30  Queen  
  180  15:33  Zergling x28  
  180  15:34  Overseer  
  196  15:41  Zergling x10  
  194  15:46  Baneling x7  
  194  15:49  Drone  
  191  16:02  Zergling x18  
  196  16:08  Ultralisk Cavern  
  194  16:12  Baneling x9  
  194  16:13  Zergling x4  
  194  16:18  Baneling x8  
  194  16:22  Zergling x2  
  194  16:23  Zergling x2  
  196  16:28  Zergling x4  
  196  16:37  Zergling x22  
  196  16:39  Zergling x26  
  188  16:40  Zergling x2  
  174  16:54  Zergling x24  
  178  17:13  Zergling x18  
  148  17:17  Zergling x8  
  138  17:25  Ultralisk x6, Zergling x6  
  166  17:30  Zergling x4  
  165  17:37  Zergling x16  
  176  17:44  Ultralisk  
  174  17:53  Zergling x12  
  174  17:54  Baneling x9  
  180  17:59  Baneling x4  
  180  18:00  Baneling x7  
  180  18:04  Zergling x10  
  185  18:10  Overseer, Spore Crawler  
  184  18:13  Zergling x4  
  184  18:14  Zergling x8  
  186  18:22  Zergling x14  
Tags
 
Add a new tag
Caveats
  • Supply blocks, unpowered buildings, or Contaminate may cause inaccurate times.
  • Supply counts are checked every 10 seconds.